Wranglers vs Admirals

Created - April 20, 2025 at 21:34

Goals
1 2 3 T
Wranglers 0 3 2 5
Admirals 1 1 1 3
Shots
1 2 3 T
Wranglers 7 15 13 35
Admirals 8 13 6 27

1st period

1. Admirals , Lucas Wallmark 39 (Mathieu Joseph 51, Reilly Walsh 30) at 15:19

Penalties :
Mathieu Joseph (Mil) for Roughing (Minor) at 7:23, Phillip Danault (Cal) for Hooking (Minor) at 17:09

2nd period

2. Wranglers , Taylor Raddysh 22 (Jesper Bratt 20, Chandler Stephenson 26) at 3:41
3. Wranglers , Trevor Carrick 2 (Chandler Stephenson 27, Erik Brannstrom 52) at 9:39 (PP)
4. Wranglers , Phillip Danault 15 (Ryan Donato 16) at 11:53
5. Admirals , Mathieu Joseph 42 (Hunter Shinkaruk 39, Lucas Wallmark 46) at 17:12 (PP)

Penalties :
Frank Corrado (Cal) for Roughing (Minor) at 4:49, Ryan Donato (Cal) for Roughing (Minor) at 7:26, Pavol Regenda (Mil) for Tripping (Minor) at 8:55, Peter Cehlarik (Cal) for Interference (Minor) at 17:08, Antti Suomela (Mil) for Cross-checking (Minor) at 17:41

3rd period

6. Wranglers , Phillip Danault 16 (Erik Brannstrom 53, Dominik Masin 21) at 2:58
7. Admirals , Riley Barber 19 (Ryan Olsen 8) at 14:02
8. Wranglers , Frank Corrado 10 (Dominik Masin 22) at 19:38 (Empty Net)

Penalties :
Sean Durzi (Mil) for Hooking (Minor) at 4:57

Goalie Stats

Vitek Vanecek (Cal), 24 saves from 27 shots - (0.889), W, 30-18-4, 60:00 minutes
Tristan Jarry (Mil), 30 saves from 34 shots - (0.882), L, 5-11-1, 59:16 minutes

Players Stats for Wranglers

Player Name              G  A  P  +/- PIM S  H  SB GA TA FO     MP     PP MP  PK MP  
------------------------------------------------------------------------------------
Barclay Goodrow          0  0  0   0  0   2  4  2  2  1  0/3    21:49   3:16   2:41 
Chandler Stephenson      0  2  2   1  0   4  2  0  1  0  7/10   18:20   2:55   0:23 
Christian Jaros          0  0  0   0  0   0  2  2  0  2  0/0    14:13   0:00   0:57 
Darren Raddysh           0  0  0   0  0   0  0  1  0  0  0/0     3:06   0:00   0:00 
Dominik Masin            0  2  2   1  0   1  2  1  0  2  0/0    27:13   4:05   3:11 
Erik Brannstrom          0  2  2   1  0   2  0  4  0  0  0/0    19:31   2:06   2:20 
Frank Corrado            1  0  1   1  2   4  1  1  0  3  0/0    24:07   4:05   2:03 
Jesper Bratt             0  1  1   0  0   5  2  0  1  0  0/0    18:58   2:55   1:48 
Kaapo Kakko              0  0  0   1  0   2  2  0  0  0  0/0    12:25   0:00   0:00 
Nico Sturm               0  0  0   1  0   2  3  1  0  1  14/25  21:06   3:10   1:48 
Peter Cehlarik           0  0  0   0  2   0  2  0  4  0  2/5    24:11   3:16   2:37 
Petteri Lindbohm         0  0  0   0  0   0  2  1  0  0  0/0    12:28   0:00   0:11 
Phillip Danault          2  0  2   2  2   5  2  1  0  0  1/2    14:36   0:00   0:43 
Ryan Donato              0  1  1   1  2   1  1  0  2  0  5/7    12:36   0:06   0:00 
Tanner Jeannot           0  0  0   0  0   1  0  0  0  0  0/0     5:10   0:00   0:00 
Taylor Raddysh           1  0  1   1  0   3  0  1  0  0  0/0    17:37   2:55   0:00 
Trevor Carrick           1  0  1   1  0   1  0  0  0  1  0/0    19:31   2:06   2:20 
Vitali Kravtsov          0  0  0  -1  0   0  1  0  0  0  0/0     1:48   0:00   1:02 
Vladislav Kamenev        0  0  0   0  0   2  0  1  0  0  1/3     5:10   0:00   0:00 

Players Stats for Admirals

Player Name              G  A  P  +/- PIM S  H  SB GA TA FO     MP     PP MP  PK MP  
------------------------------------------------------------------------------------
Antti Suomela            0  0  0   0  2   1  3  1  0  1  4/9    15:04   2:35   0:00 
Christian Djoos          0  0  0   0  0   2  0  2  0  2  0/0    10:34   0:00   0:00 
Hunter Shinkaruk         0  1  1  -2  0   1  3  1  3  0  1/1    21:10   2:49   1:43 
Ian Mitchell             0  0  0  -1  0   2  2  1  1  2  0/0    25:39   3:16   3:29 
Josh Norris              0  0  0  -1  0   0  2  0  1  0  3/4    14:56   0:07   1:46 
Josh Wesley              0  0  0   0  0   0  0  0  0  0  0/0     5:25   0:00   0:00 
Kasper Bjorkqvist        0  0  0  -1  0   2  3  0  1  0  0/2    11:52   0:07   0:00 
Lucas Wallmark           1  1  2  -2  0   5  2  0  0  2  17/35  22:19   2:49   3:04 
Mark McNeill             0  0  0   0  0   0  0  0  1  1  0/0    16:42   2:35   1:43 
Mathieu Joseph           1  1  2  -2  2   6  3  0  1  2  0/0    22:05   2:49   2:03 
Milos Kelemen            0  0  0   1  0   0  1  0  0  0  0/0     6:40   0:00   0:00 
Nolan Vesey              0  0  0  -1  0   1  2  0  0  0  0/0    11:53   0:00   0:20 
Olli Juolevi             0  0  0  -2  0   1  1  2  1  0  0/0    20:11   2:15   2:42 
Pavol Regenda            0  0  0   0  2   0  0  0  0  0  0/2    14:58   2:34   0:00 
Reilly Walsh             0  1  1   0  0   3  1  3  1  0  0/0    29:03   3:16   3:29 
Riley Barber             1  0  1   1  0   2  3  0  0  0  0/0     8:42   0:07   1:43 
Ryan Olsen               0  1  1   1  0   1  0  0  0  0  0/2     6:40   0:00   0:00 
Sean Durzi               0  0  0   0  2   0  0  1  0  0  0/0     9:50   0:00   0:00 
Tobias Bjornfot          0  0  0  -1  0   0  0  2  0  0  0/0    19:32   2:15   2:42 

3 Stars

1 - Phillip Danault (Cal)
2 - Dominik Masin (Cal)
3 - Chandler Stephenson (Cal)

Power Play

Wranglers - 1 on 4 Attempt(s) - 25.00%
Admirals - 1 on 4 Attempt(s) - 25.00%

Penalty Kill

Wranglers - 3 on 4 Attempt(s) - 75.00% - Score 0 goal in Penalty Kill
Admirals - 3 on 4 Attempt(s) - 75.00% - Score 0 goal in Penalty Kill

Team Stat

Wranglers - Hits : 26 - Faceoff Wins : 30 - Blocked Shots : 16 - Penalty Minutes : 8
Admirals - Hits : 26 - Faceoff Wins : 25 - Blocked Shots : 13 - Penalty Minutes : 8

Official

Referees : Ghislain Hebert and Trevor Hanson
Linesman : Greg Devorski and Pierre Racicot

Game Notes

0:58 of 2nd period - Admirals goal is going for a video replay. After video review, No Goal. The referee deems the play has been stopped, even if he had not physically had the opportunity to stop play by blowing his whistle.
Frank Corrado has scored in a empty net!

Finance

Level 1 -- Attendance: 1795 (89.75%) -- Ticket Income $125,650
Level 2 -- Attendance: 977 (97.70%) -- Ticket Income $39,080
Total Attendance: 2772 (92.40%)
Total Ticket Income: $164,730
Other Income: $8,236
Total Income: $172,966

Wranglers

5 vs 5 Forward 
   Center                   Left Wing                Right Wing               Time % Phy DF OF 
 1 Nico Sturm               Peter Cehlarik           Barclay Goodrow          40     1   2  2  
 2 Chandler Stephenson      Jesper Bratt             Taylor Raddysh           30     1   2  2  
 3 Ryan Donato              Phillip Danault          Kaapo Kakko              20     1   2  2  
 4 Vladislav Kamenev        Tanner Jeannot           Peter Cehlarik           10     1   2  2  

5 vs 5 Defense 
   Defense                  Defense                                           Time % Phy DF OF 
 1 Frank Corrado            Dominik Masin                                     40     1   2  2  
 2 Erik Brannstrom          Trevor Carrick                                    30     1   2  2  
 3 Christian Jaros          Petteri Lindbohm                                  20     1   2  2  
 4 Darren Raddysh           Dominik Masin                                     10     1   2  2  

PowerPlay Forward 
   Center                   Left Wing                Right Wing               Time % Phy DF OF 
 1 Nico Sturm               Peter Cehlarik           Barclay Goodrow          60     1   2  2  
 2 Chandler Stephenson      Jesper Bratt             Taylor Raddysh           40     1   2  2  

PowerPlay Defense
   Defense                  Defense                                           Time % Phy DF OF 
 1 Frank Corrado            Dominik Masin                                     60     1   2  2  
 2 Erik Brannstrom          Trevor Carrick                                    40     1   2  2  

Penalty Kill 4 Players Forward 
   Center                   Wing                     Time % Phy DF OF 
 1 Peter Cehlarik           Barclay Goodrow          60     1   2  2  
 2 Nico Sturm               Jesper Bratt             40     1   2  2  

Penalty Kill 4 Players Defense
   Defense                  Defense                  Time % Phy DF OF 
 1 Frank Corrado            Dominik Masin            60     1   2  2  
 2 Erik Brannstrom          Trevor Carrick           40     1   2  2  

Penalty Kill - 3 Players Forward 
   Forward                                           Time % Phy DF OF 
 1 Peter Cehlarik                                    60     1   2  2  
 2 Barclay Goodrow                                   40     1   2  2  

Penalty Kill - 3 Players Defense
   Defense                  Defense                  Time % Phy DF OF 
 1 Frank Corrado            Dominik Masin            60     1   2  2  
 2 Erik Brannstrom          Trevor Carrick           40     1   2  2  

4 vs 4 Forward 
   Center                   Wing                     Time % Phy DF OF 
 1 Peter Cehlarik           Barclay Goodrow          60     1   2  2  
 2 Nico Sturm               Jesper Bratt             40     1   2  2  

4 vs 4 Defense
   Defense                  Defense                  Time % Phy DF OF 
 1 Frank Corrado            Dominik Masin            60     1   2  2  
 2 Erik Brannstrom          Trevor Carrick           40     1   2  2  

Last Minutes Offensive
   Center                   Left Wing                Right Wing               Defense                  Defense                  
   Nico Sturm               Peter Cehlarik           Barclay Goodrow          Frank Corrado            Dominik Masin            

Last Minutes Defensive
   Center                   Left Wing                Right Wing               Defense                  Defense                  
   Nico Sturm               Peter Cehlarik           Barclay Goodrow          Frank Corrado            Dominik Masin            

Goaltenders
Starting : Vitek Vanecek            
Backup : Joel Hofer               

Extra Forwards
Normal : Nico Sturm, Peter Cehlarik, Chandler Stephenson - PP : Phillip Danault, Barclay Goodrow - PK : Phillip Danault
Extra Defensemen
Normal : Frank Corrado, Erik Brannstrom, Petteri Lindbohm - PP : Dominik Masin - PK : Christian Jaros, Petteri Lindbohm
Penalty Shots
Peter Cehlarik, Barclay Goodrow, Nico Sturm, Jesper Bratt, Phillip Danault
Custom OT Lines Forwards
Peter Cehlarik, Barclay Goodrow, Nico Sturm, Jesper Bratt, Phillip Danault, Chandler Stephenson, Taylor Raddysh, Ryan Donato, Tanner Jeannot, Vladislav Kamenev
Custom OT Lines Defensemen
Frank Corrado, Dominik Masin, Erik Brannstrom, Trevor Carrick, Christian Jaros

Scratches
Brandon Hickey (Healthy), Filip Hallander (Healthy), Skyler Brind'Amour (Healthy), Tim Berni (Healthy), Ivan Chekhovich (Healthy)
Radim Zohorna (Healthy), Demetrios Koumontzis (Healthy), Zac Jones (Healthy), Yegor Zaitsev (Healthy), Lucas Feuk (Healthy)
Cole Schwindt (Healthy), Collin Delia (Healthy)

Admirals

5 vs 5 Forward 
   Center                   Left Wing                Right Wing               Time % Phy DF OF 
 1 Lucas Wallmark           Hunter Shinkaruk         Mathieu Joseph           40     1   2  2  
 2 Antti Suomela            Pavol Regenda            Mark McNeill             30     1   2  2  
 3 Josh Norris              Nolan Vesey              Kasper Bjorkqvist        20     1   2  2  
 4 Ryan Olsen               Milos Kelemen            Riley Barber             10     1   2  2  

5 vs 5 Defense 
   Defense                  Defense                                           Time % Phy DF OF 
 1 Reilly Walsh             Ian Mitchell                                      40     1   2  2  
 2 Olli Juolevi             Tobias Bjornfot                                   30     1   2  2  
 3 Christian Djoos          Sean Durzi                                        20     1   2  2  
 4 Reilly Walsh             Josh Wesley                                       10     1   2  2  

PowerPlay Forward 
   Center                   Left Wing                Right Wing               Time % Phy DF OF 
 1 Lucas Wallmark           Hunter Shinkaruk         Mathieu Joseph           60     1   1  3  
 2 Antti Suomela            Pavol Regenda            Mark McNeill             40     1   1  3  

PowerPlay Defense
   Defense                  Defense                                           Time % Phy DF OF 
 1 Reilly Walsh             Ian Mitchell                                      60     1   2  2  
 2 Olli Juolevi             Tobias Bjornfot                                   40     1   2  2  

Penalty Kill 4 Players Forward 
   Center                   Wing                     Time % Phy DF OF 
 1 Lucas Wallmark           Mathieu Joseph           60     1   2  2  
 2 Mark McNeill             Riley Barber             40     1   2  2  

Penalty Kill 4 Players Defense
   Defense                  Defense                  Time % Phy DF OF 
 1 Reilly Walsh             Ian Mitchell             60     1   3  1  
 2 Olli Juolevi             Tobias Bjornfot          40     1   3  1  

Penalty Kill - 3 Players Forward 
   Forward                                           Time % Phy DF OF 
 1 Mathieu Joseph                                    60     1   3  1  
 2 Mark McNeill                                      40     1   3  1  

Penalty Kill - 3 Players Defense
   Defense                  Defense                  Time % Phy DF OF 
 1 Reilly Walsh             Ian Mitchell             60     1   3  1  
 2 Christian Djoos          Olli Juolevi             40     1   3  1  

4 vs 4 Forward 
   Center                   Wing                     Time % Phy DF OF 
 1 Lucas Wallmark           Mathieu Joseph           60     1   2  2  
 2 Mark McNeill             Hunter Shinkaruk         40     1   2  2  

4 vs 4 Defense
   Defense                  Defense                  Time % Phy DF OF 
 1 Reilly Walsh             Ian Mitchell             60     1   2  2  
 2 Olli Juolevi             Tobias Bjornfot          40     1   2  2  

Last Minutes Offensive
   Center                   Left Wing                Right Wing               Defense                  Defense                  
   Lucas Wallmark           Hunter Shinkaruk         Mathieu Joseph           Olli Juolevi             Ian Mitchell             

Last Minutes Defensive
   Center                   Left Wing                Right Wing               Defense                  Defense                  
   Lucas Wallmark           Hunter Shinkaruk         Mathieu Joseph           Reilly Walsh             Olli Juolevi             

Goaltenders
Starting : Tristan Jarry            
Backup : Felix Sanstrom           

Extra Forwards
Normal : Josh Norris, Riley Barber, Ryan Olsen - PP : Josh Norris, Riley Barber - PK : Josh Norris
Extra Defensemen
Normal : Josh Wesley, Christian Djoos, Tobias Bjornfot - PP : Sean Durzi - PK : Christian Djoos, Josh Wesley
Penalty Shots
Mathieu Joseph, Mark McNeill, Hunter Shinkaruk, Lucas Wallmark, Kasper Bjorkqvist
Custom OT Lines Forwards
Mathieu Joseph, Mark McNeill, Hunter Shinkaruk, Lucas Wallmark, Pavol Regenda, Antti Suomela, Riley Barber, Kasper Bjorkqvist, Nolan Vesey, Milos Kelemen
Custom OT Lines Defensemen
Olli Juolevi, Reilly Walsh, Ian Mitchell, Tobias Bjornfot, Josh Wesley

Scratches
Bokondji Imama (Healthy), Carl Dahlstrom (Healthy), Joni Ikonen (Healthy), Ruslan Iskhakov (Healthy), Filip Chlapik (Healthy)
Grant Hutton (Healthy), Sergei Zborovskiy (Sore Left Knee Injury), Troy Bourke (Healthy), Carsen Twarynski (Healthy), Drew O'Connor (Healthy)
Libor Hajek (Healthy), Gerald Mayhew (Healthy), Mark Kastelic (Healthy), Henry Thrun (Healthy), Patrick Moynihan (Healthy)
Jack Malone (Healthy), Sean Maguire (Healthy)

% Time on Ice - Wranglers

Lines # - Real PCT - Wanted PCT - Time Play
Normal Forward
1 - 32% - 40% - 15:02
2 - 32% - 30% - 14:57
3 - 25% - 20% - 12:01
4 - 11% - 10% - 5:10
Normal Defense
1 - 36% - 40% - 16:48
2 - 32% - 30% - 14:59
3 - 26% - 20% - 12:17
4 - 7% - 10% - 3:06
PP Forward
1 - 53% - 60% - 3:16
2 - 47% - 40% - 2:55
PP Defense
1 - 66% - 60% - 4:05
2 - 34% - 40% - 2:06
PK Forward
1 - 67% - 60% - 3:43
2 - 33% - 40% - 1:48
PK Defense
1 - 58% - 60% - 3:11
2 - 42% - 40% - 2:20
PK3 Forward
1 - 0% - 60%
2 - 0% - 40%
PK3 Defense
1 - 0% - 60%
2 - 0% - 40%
44 Forward
1 - 100% - 60% - 0:30
2 - 0% - 40% - 0:00
44 Defense
1 - 80% - 60% - 0:24
2 - 20% - 40% - 0:06
Last Minute Offensive  - 0:00
Last Minute Defensive  - 0:38
Total
Forward - 60:00
Defense - 60:00

% Time on Ice - Admirals

Lines # - Real PCT - Wanted PCT - Time Play
Normal Forward
1 - 35% - 40% - 16:32
2 - 26% - 30% - 12:24
3 - 24% - 20% - 11:33
4 - 14% - 10% - 6:40
Normal Defense
1 - 39% - 40% - 18:24
2 - 31% - 30% - 14:35
3 - 20% - 20% - 9:36
4 - 10% - 10% - 4:34
PP Forward
1 - 53% - 60% - 2:56
2 - 47% - 40% - 2:35
PP Defense
1 - 59% - 60% - 3:16
2 - 41% - 40% - 2:15
PK Forward
1 - 72% - 60% - 4:28
2 - 28% - 40% - 1:43
PK Defense
1 - 56% - 60% - 3:29
2 - 44% - 40% - 2:42
PK3 Forward
1 - 0% - 60%
2 - 0% - 40%
PK3 Defense
1 - 0% - 60%
2 - 0% - 40%
44 Forward
1 - 100% - 60% - 0:30
2 - 0% - 40% - 0:00
44 Defense
1 - 100% - 60% - 0:30
2 - 0% - 40% - 0:00
Last Minute Offensive  - 0:39
Last Minute Defensive  - 0:00
Total
Forward - 60:00
Defense - 60:00

Play-by-Play

1st period


0:01 of 1st period - Lucas Wallmark wins face-off versus Peter Cehlarik in neutral zone.
0:12 of 1st period - Wrist shot by Hunter Shinkaruk.
0:12 of 1st period - Shot Misses the Net.
0:14 of 1st period - Slapshot by Reilly Walsh.
0:14 of 1st period - Deflect By Peter Cehlarik.
0:14 of 1st period - Stopped by Vitek Vanecek with a rebound.
0:16 of 1st period - Slapshot by Reilly Walsh.
0:16 of 1st period - Shot Misses the Net.
0:46 of 1st period - Snap shot by Kasper Bjorkqvist.
0:46 of 1st period - Shot Hit the Post.
0:48 of 1st period - Snap shot by Nolan Vesey.
0:48 of 1st period - Stopped by Vitek Vanecek with a rebound.
1:08 of 1st period - Slapshot by Tanner Jeannot.
1:08 of 1st period - Stopped by Tristan Jarry with a rebound.
1:23 of 1st period - Icing by Peter Cehlarik.
1:24 of 1st period - Vladislav Kamenev wins face-off versus Lucas Wallmark in Wranglers zone.
2:02 of 1st period - Wrist shot by Mark McNeill.
2:02 of 1st period - Shot Misses the Net.
2:18 of 1st period - Snap shot by Phillip Danault.
2:18 of 1st period - Shot Blocked by Reilly Walsh.
2:34 of 1st period - Phillip Danault is hit by Nolan Vesey.
2:58 of 1st period - Peter Cehlarik is hit by Mathieu Joseph and loses puck.
3:03 of 1st period - Slapshot by Hunter Shinkaruk.
3:03 of 1st period - Shot Blocked by Vladislav Kamenev.
3:36 of 1st period - Wrist shot by Ryan Olsen.
3:36 of 1st period - Shot Misses the Net.
3:38 of 1st period - Wrist shot by Riley Barber.
3:38 of 1st period - Shot Misses the Net.
3:55 of 1st period - Wrist shot by Chandler Stephenson.
3:55 of 1st period - Stopped by Tristan Jarry with a rebound.
3:57 of 1st period - Snap shot by Jesper Bratt.
3:57 of 1st period - Shot Blocked by Sean Durzi.
3:59 of 1st period - Slapshot by Darren Raddysh.
3:59 of 1st period - Shot Misses the Net.
4:01 of 1st period - Slapshot by Taylor Raddysh.
4:01 of 1st period - Deflect By Mark McNeill.
4:01 of 1st period - Stopped by Tristan Jarry with a rebound.
4:03 of 1st period - Slapshot by Darren Raddysh.
4:03 of 1st period - Shot Blocked by Christian Djoos.
4:13 of 1st period - Snap shot by Antti Suomela.
4:13 of 1st period - Deflect By Frank Corrado.
4:13 of 1st period - Shot Misses the Net.
4:13 of 1st period - Puck is out of play.
4:14 of 1st period - Nico Sturm wins face-off versus Lucas Wallmark in Wranglers zone.
4:23 of 1st period - Nico Sturm is hit by Lucas Wallmark and loses puck.
4:30 of 1st period - Wrist shot by Mathieu Joseph.
4:30 of 1st period - Stopped by Vitek Vanecek with a rebound.
4:38 of 1st period - Olli Juolevi is hit by Dominik Masin and loses puck.
5:27 of 1st period - Slapshot by Ryan Olsen.
5:27 of 1st period - Stopped by Vitek Vanecek without a rebound.
5:28 of 1st period - Chandler Stephenson wins face-off versus Lucas Wallmark in Wranglers zone.
5:33 of 1st period - Snap shot by Taylor Raddysh.
5:33 of 1st period - Shot Blocked by Hunter Shinkaruk.
5:37 of 1st period - Slapshot by Jesper Bratt.
5:37 of 1st period - Shot Misses the Net.
5:39 of 1st period - Wrist shot by Jesper Bratt.
5:39 of 1st period - Shot Blocked by Olli Juolevi.
5:41 of 1st period - Snap shot by Jesper Bratt.
5:41 of 1st period - Shot Misses the Net.
5:43 of 1st period - Wrist shot by Jesper Bratt.
5:43 of 1st period - Shot Misses the Net.
5:53 of 1st period - Mark McNeill is hit by Phillip Danault and loses puck.
6:49 of 1st period - Snap shot by Hunter Shinkaruk.
6:49 of 1st period - Deflect By Peter Cehlarik.
6:49 of 1st period - Shot Blocked by Darren Raddysh.
6:49 of 1st period - Puck is out of play.
6:50 of 1st period - Lucas Wallmark wins face-off versus Ryan Donato in Wranglers zone.
7:01 of 1st period - Wrist shot by Mathieu Joseph.
7:01 of 1st period - Stopped by Vitek Vanecek without a rebound.
7:02 of 1st period - Nico Sturm wins face-off versus Lucas Wallmark in Wranglers zone.
7:02 of 1st period - Nico Sturm is hit by Hunter Shinkaruk.
7:08 of 1st period - Mathieu Joseph is hit by Barclay Goodrow and loses puck.
7:15 of 1st period - Snap shot by Peter Cehlarik.
7:15 of 1st period - Shot Misses the Net.
7:17 of 1st period - Wrist shot by Peter Cehlarik.
7:17 of 1st period - Shot Misses the Net.
7:23 of 1st period - Minor Penalty to Mathieu Joseph for Roughing.
7:24 of 1st period - Nico Sturm wins face-off versus Lucas Wallmark in Admirals zone.
8:01 of 1st period - Lucas Wallmark is hit by Jesper Bratt and loses puck.
9:23 of 1st period - Penalty to Mathieu Joseph is over, Mathieu Joseph is back on ice.
9:56 of 1st period - Tanner Jeannot is hit by Mathieu Joseph and loses puck.
10:23 of 1st period - Snap shot by Mathieu Joseph.
10:23 of 1st period - Shot Hit the Post.
10:25 of 1st period - Slapshot by Ian Mitchell.
10:25 of 1st period - Deflect By Hunter Shinkaruk.
10:25 of 1st period - Shot Blocked by Christian Jaros.
10:25 of 1st period - Puck is out of play.
10:26 of 1st period - Ryan Donato wins face-off versus Antti Suomela in Wranglers zone.
11:10 of 1st period - Olli Juolevi is hit by Nico Sturm.
11:11 of 1st period - Icing by Olli Juolevi.
11:12 of 1st period - Nico Sturm wins face-off versus Antti Suomela in Admirals zone.
11:13 of 1st period - Wrist shot by Phillip Danault.
11:13 of 1st period - Stopped by Tristan Jarry without a rebound.
11:14 of 1st period - Antti Suomela wins face-off versus Nico Sturm in Admirals zone.
11:41 of 1st period - Christian Jaros is hit by Antti Suomela.
11:45 of 1st period - Snap shot by Mark McNeill.
11:45 of 1st period - Shot Blocked by Christian Jaros.
12:13 of 1st period - Wrist shot by Barclay Goodrow.
12:13 of 1st period - Stopped by Tristan Jarry without a rebound.
12:14 of 1st period - Josh Norris wins face-off versus Chandler Stephenson in Admirals zone.
12:22 of 1st period - Wrist shot by Jesper Bratt.
12:22 of 1st period - Stopped by Tristan Jarry with a rebound.
12:28 of 1st period - Snap shot by Jesper Bratt.
12:28 of 1st period - Shot Misses the Net.
12:30 of 1st period - Wrist shot by Taylor Raddysh.
12:30 of 1st period - Stopped by Tristan Jarry without a rebound.
12:31 of 1st period - Lucas Wallmark wins face-off versus Vladislav Kamenev in Admirals zone.
12:45 of 1st period - Wrist shot by Hunter Shinkaruk.
12:45 of 1st period - Deflect By Lucas Wallmark.
12:45 of 1st period - Stopped by Vitek Vanecek with a rebound.
13:19 of 1st period - Wrist shot by Ryan Donato.
13:19 of 1st period - Shot Misses the Net.
14:44 of 1st period - Snap shot by Riley Barber.
14:44 of 1st period - Stopped by Vitek Vanecek without a rebound.
14:45 of 1st period - Ryan Donato wins face-off versus Ryan Olsen in Wranglers zone.
15:10 of 1st period - Mathieu Joseph is hit by Chandler Stephenson and loses puck.
15:19 of 1st period - Snap shot by Lucas Wallmark.
15:19 of 1st period - Goal by Lucas Wallmark - Wranglers : 0 - Admirals : 1.
15:20 of 1st period - Nico Sturm wins face-off versus Lucas Wallmark in neutral zone.
17:09 of 1st period - Minor Penalty to Phillip Danault for Hooking.
17:10 of 1st period - Lucas Wallmark wins face-off versus Peter Cehlarik in Wranglers zone.
17:54 of 1st period - Lucas Wallmark is hit by Barclay Goodrow and loses puck.
18:39 of 1st period - Hunter Shinkaruk is hit by Nico Sturm and loses puck.
19:09 of 1st period - Penalty to Phillip Danault is over, Phillip Danault is back on ice.
19:12 of 1st period - Frank Corrado is hit by Olli Juolevi and loses puck.
19:40 of 1st period - Chandler Stephenson is hit by Kasper Bjorkqvist and loses puck.
Goals for this period are 0 for Wranglers vs 1 for Admirals.
Shots for this period are 7 for Wranglers vs 8 for Admirals.

2nd period


0:01 of 2nd period - Nico Sturm wins face-off versus Lucas Wallmark in neutral zone.
0:08 of 2nd period - Snap shot by Nico Sturm.
0:08 of 2nd period - Stopped by Tristan Jarry without a rebound.
0:09 of 2nd period - Nico Sturm wins face-off versus Lucas Wallmark in Admirals zone.
0:24 of 2nd period - Wrist shot by Hunter Shinkaruk.
0:24 of 2nd period - Shot Blocked by Barclay Goodrow.
0:28 of 2nd period - Snap shot by Mathieu Joseph.
0:28 of 2nd period - Shot Misses the Net.
0:30 of 2nd period - Slapshot by Ian Mitchell.
0:30 of 2nd period - Stopped by Vitek Vanecek with a rebound.
0:32 of 2nd period - Slapshot by Ian Mitchell.
0:32 of 2nd period - Deflect By Mathieu Joseph.
0:32 of 2nd period - Shot Misses the Net.
0:32 of 2nd period - Puck is out of play.
0:33 of 2nd period - Chandler Stephenson wins face-off versus Antti Suomela in Wranglers zone.
0:42 of 2nd period - Wrist shot by Antti Suomela.
0:42 of 2nd period - Shot Blocked by Frank Corrado.
0:44 of 2nd period - Slapshot by Olli Juolevi.
0:44 of 2nd period - Stopped by Vitek Vanecek without a rebound.
0:45 of 2nd period - Lucas Wallmark wins face-off versus Nico Sturm in Wranglers zone.
0:46 of 2nd period - Snap shot by Mathieu Joseph.
0:46 of 2nd period - Stopped by Vitek Vanecek with a rebound.
0:48 of 2nd period - Slapshot by Mathieu Joseph.
0:48 of 2nd period - Shot Blocked by Erik Brannstrom.
0:50 of 2nd period - Wrist shot by Hunter Shinkaruk.
0:50 of 2nd period - Shot Misses the Net.
0:52 of 2nd period - Slapshot by Reilly Walsh.
0:52 of 2nd period - Shot Blocked by Erik Brannstrom.
0:54 of 2nd period - Slapshot by Hunter Shinkaruk.
0:54 of 2nd period - Shot Misses the Net.
0:56 of 2nd period - Slapshot by Reilly Walsh.
0:56 of 2nd period - Shot Blocked by Nico Sturm.
0:58 of 2nd period - Snap shot by Lucas Wallmark.
0:58 of 2nd period - Admirals goal is going for a video replay.
0:58 of 2nd period - The goal is refused. The referee deems the play has been stopped, even if he had not physically had the opportunity to stop play by blowing his whistle..
0:59 of 2nd period - Nico Sturm wins face-off versus Lucas Wallmark in Wranglers zone.
1:02 of 2nd period - Snap shot by Mathieu Joseph.
1:02 of 2nd period - Shot Misses the Net.
1:07 of 2nd period - Off-side.
1:08 of 2nd period - Nico Sturm wins face-off versus Lucas Wallmark in neutral zone.
1:10 of 2nd period - Off-side.
1:11 of 2nd period - Lucas Wallmark wins face-off versus Nico Sturm in neutral zone.
1:46 of 2nd period - Icing by Trevor Carrick.
1:47 of 2nd period - Ryan Donato wins face-off versus Lucas Wallmark in Wranglers zone.
2:22 of 2nd period - Peter Cehlarik is hit by Antti Suomela and loses puck.
2:37 of 2nd period - Nolan Vesey is hit by Dominik Masin and loses puck.
3:17 of 2nd period - Wrist shot by Chandler Stephenson.
3:17 of 2nd period - Shot Blocked by Ian Mitchell.
3:37 of 2nd period - Snap shot by Taylor Raddysh.
3:37 of 2nd period - Shot Blocked by Reilly Walsh.
3:39 of 2nd period - Wrist shot by Jesper Bratt.
3:39 of 2nd period - Stopped by Tristan Jarry with a rebound.
3:41 of 2nd period - Wrist shot by Taylor Raddysh.
3:41 of 2nd period - Goal by Taylor Raddysh - Wranglers : 1 - Admirals : 1.
3:42 of 2nd period - Hunter Shinkaruk wins face-off versus Nico Sturm in neutral zone.
3:49 of 2nd period - Slapshot by Olli Juolevi.
3:49 of 2nd period - Shot Blocked by Dominik Masin.
3:51 of 2nd period - Snap shot by Lucas Wallmark.
3:51 of 2nd period - Shot Blocked by Barclay Goodrow.
3:53 of 2nd period - Wrist shot by Lucas Wallmark.
3:53 of 2nd period - Shot Misses the Net.
3:55 of 2nd period - Snap shot by Mathieu Joseph.
3:55 of 2nd period - Stopped by Vitek Vanecek without a rebound.
3:56 of 2nd period - Nico Sturm wins face-off versus Antti Suomela in Wranglers zone.
4:26 of 2nd period - Icing by Ian Mitchell.
4:27 of 2nd period - Lucas Wallmark wins face-off versus Ryan Donato in Admirals zone.
4:32 of 2nd period - Wrist shot by Mathieu Joseph.
4:32 of 2nd period - Stopped by Vitek Vanecek without a rebound.
4:33 of 2nd period - Lucas Wallmark wins face-off versus Nico Sturm in Wranglers zone.
4:42 of 2nd period - Snap shot by Nico Sturm.
4:42 of 2nd period - Stopped by Tristan Jarry without a rebound.
4:43 of 2nd period - Lucas Wallmark wins face-off versus Peter Cehlarik in Admirals zone.
4:49 of 2nd period - Minor Penalty to Frank Corrado for Roughing.
4:50 of 2nd period - Lucas Wallmark wins face-off versus Barclay Goodrow in Wranglers zone.
6:10 of 2nd period - Tobias Bjornfot is hit by Vitali Kravtsov and loses puck.
6:17 of 2nd period - Antti Suomela is hit by Phillip Danault and loses puck.
6:40 of 2nd period - Erik Brannstrom is hit by Hunter Shinkaruk and loses puck.
6:49 of 2nd period - Penalty to Frank Corrado is over, Frank Corrado is back on ice.
6:58 of 2nd period - Snap shot by Jesper Bratt.
6:58 of 2nd period - Stopped by Tristan Jarry without a rebound.
6:59 of 2nd period - Phillip Danault wins face-off versus Kasper Bjorkqvist in Admirals zone.
7:10 of 2nd period - Kaapo Kakko is hit by Kasper Bjorkqvist and loses puck.
7:26 of 2nd period - Minor Penalty to Ryan Donato for Roughing.
7:27 of 2nd period - Peter Cehlarik wins face-off versus Pavol Regenda in Wranglers zone.
7:27 of 2nd period - Peter Cehlarik is hit by Ian Mitchell.
8:55 of 2nd period - Minor Penalty to Pavol Regenda for Tripping.
8:56 of 2nd period - Peter Cehlarik wins face-off versus Lucas Wallmark in Admirals zone.
9:26 of 2nd period - Penalty to Ryan Donato is over, Ryan Donato is back on ice.
9:37 of 2nd period - Snap shot by Chandler Stephenson.
9:37 of 2nd period - Shot Misses the Net.
9:39 of 2nd period - Slapshot by Trevor Carrick.
9:39 of 2nd period - Goal by Trevor Carrick - Wranglers : 2 - Admirals : 1.
9:40 of 2nd period - Chandler Stephenson wins face-off versus Lucas Wallmark in neutral zone.
9:44 of 2nd period - Off-side.
9:45 of 2nd period - Chandler Stephenson wins face-off versus Lucas Wallmark in neutral zone.
9:50 of 2nd period - Slapshot by Frank Corrado.
9:50 of 2nd period - Deflect By Ian Mitchell.
9:50 of 2nd period - Stopped by Tristan Jarry with a rebound.
10:20 of 2nd period - Icing by Mark McNeill.
10:21 of 2nd period - Nico Sturm wins face-off versus Antti Suomela in Admirals zone.
10:24 of 2nd period - Wrist shot by Nico Sturm.
10:24 of 2nd period - Shot Misses the Net.
10:34 of 2nd period - Barclay Goodrow is hit by Ian Mitchell and loses puck.
11:03 of 2nd period - Chandler Stephenson is hit by Reilly Walsh and loses puck.
11:18 of 2nd period - Wrist shot by Ryan Donato.
11:18 of 2nd period - Stopped by Tristan Jarry without a rebound.
11:19 of 2nd period - Ryan Donato wins face-off versus Lucas Wallmark in Admirals zone.
11:24 of 2nd period - Wrist shot by Phillip Danault.
11:24 of 2nd period - Shot Misses the Net.
11:53 of 2nd period - Slapshot by Phillip Danault.
11:53 of 2nd period - Goal by Phillip Danault - Wranglers : 3 - Admirals : 1.
11:54 of 2nd period - Antti Suomela wins face-off versus Barclay Goodrow in neutral zone.
12:03 of 2nd period - Wrist shot by Nico Sturm.
12:03 of 2nd period - Shot Misses the Net.
12:05 of 2nd period - Snap shot by Barclay Goodrow.
12:05 of 2nd period - Shot Misses the Net.
12:21 of 2nd period - Jesper Bratt is hit by Mathieu Joseph and loses puck.
12:44 of 2nd period - Snap shot by Nolan Vesey.
12:44 of 2nd period - Shot Blocked by Erik Brannstrom.
12:46 of 2nd period - Slapshot by Christian Djoos.
12:46 of 2nd period - Stopped by Vitek Vanecek with a rebound.
12:48 of 2nd period - Wrist shot by Nolan Vesey.
12:48 of 2nd period - Shot Blocked by Phillip Danault.
12:50 of 2nd period - Wrist shot by Christian Djoos.
12:50 of 2nd period - Stopped by Vitek Vanecek with a rebound.
13:21 of 2nd period - Snap shot by Chandler Stephenson.
13:21 of 2nd period - Stopped by Tristan Jarry with a rebound.
13:23 of 2nd period - Slapshot by Erik Brannstrom.
13:23 of 2nd period - Shot Blocked by Reilly Walsh.
13:41 of 2nd period - Wrist shot by Phillip Danault.
13:41 of 2nd period - Stopped by Tristan Jarry with a rebound.
13:43 of 2nd period - Slapshot by Ryan Donato.
13:43 of 2nd period - Shot Misses the Net.
13:45 of 2nd period - Wrist shot by Ryan Donato.
13:45 of 2nd period - Shot Misses the Net.
13:47 of 2nd period - Snap shot by Phillip Danault.
13:47 of 2nd period - Shot Hit the Post.
13:59 of 2nd period - Hunter Shinkaruk is hit by Peter Cehlarik and loses puck.
14:14 of 2nd period - Mathieu Joseph is hit by Jesper Bratt and loses puck.
14:31 of 2nd period - Snap shot by Kasper Bjorkqvist.
14:31 of 2nd period - Shot Misses the Net.
14:33 of 2nd period - Wrist shot by Reilly Walsh.
14:33 of 2nd period - Stopped by Vitek Vanecek without a rebound.
14:34 of 2nd period - Chandler Stephenson wins face-off versus Kasper Bjorkqvist in Wranglers zone.
14:58 of 2nd period - Peter Cehlarik is hit by Kasper Bjorkqvist and loses puck.
15:15 of 2nd period - Snap shot by Kasper Bjorkqvist.
15:15 of 2nd period - Shot Blocked by Petteri Lindbohm.
15:37 of 2nd period - Icing by Christian Djoos.
15:38 of 2nd period - Josh Norris wins face-off versus Chandler Stephenson in Admirals zone.
15:40 of 2nd period - Icing by Kasper Bjorkqvist.
15:41 of 2nd period - Chandler Stephenson wins face-off versus Josh Norris in Admirals zone.
15:44 of 2nd period - Slapshot by Jesper Bratt.
15:44 of 2nd period - Shot Blocked by Christian Djoos.
15:46 of 2nd period - Snap shot by Jesper Bratt.
15:46 of 2nd period - Stopped by Tristan Jarry with a rebound.
15:48 of 2nd period - Slapshot by Frank Corrado.
15:48 of 2nd period - Deflect By Christian Djoos.
15:48 of 2nd period - Stopped by Tristan Jarry without a rebound.
15:49 of 2nd period - Nico Sturm wins face-off versus Lucas Wallmark in Admirals zone.
16:05 of 2nd period - Slapshot by Reilly Walsh.
16:05 of 2nd period - Stopped by Vitek Vanecek without a rebound.
16:06 of 2nd period - Chandler Stephenson wins face-off versus Pavol Regenda in Wranglers zone.
16:19 of 2nd period - Wrist shot by Chandler Stephenson.
16:19 of 2nd period - Deflect By Jesper Bratt.
16:19 of 2nd period - Stopped by Tristan Jarry with a rebound.
16:21 of 2nd period - Wrist shot by Chandler Stephenson.
16:21 of 2nd period - Stopped by Tristan Jarry with a rebound.
17:02 of 2nd period - Off-side.
17:03 of 2nd period - Antti Suomela wins face-off versus Barclay Goodrow in neutral zone.
17:05 of 2nd period - Reilly Walsh is hit by Christian Jaros and loses puck.
17:08 of 2nd period - Minor Penalty to Peter Cehlarik for Interference.
17:09 of 2nd period - Lucas Wallmark wins face-off versus Phillip Danault in Wranglers zone.
17:10 of 2nd period - Wrist shot by Hunter Shinkaruk.
17:10 of 2nd period - Shot Misses the Net.
17:12 of 2nd period - Wrist shot by Mathieu Joseph.
17:12 of 2nd period - Goal by Mathieu Joseph - Wranglers : 3 - Admirals : 2.
17:13 of 2nd period - Nico Sturm wins face-off versus Lucas Wallmark in neutral zone.
17:22 of 2nd period - Wrist shot by Lucas Wallmark.
17:22 of 2nd period - Stopped by Vitek Vanecek with a rebound.
17:24 of 2nd period - Wrist shot by Hunter Shinkaruk.
17:24 of 2nd period - Shot Blocked by Erik Brannstrom.
17:41 of 2nd period - Minor Penalty to Antti Suomela for Cross-checking.
17:42 of 2nd period - Lucas Wallmark wins face-off versus Nico Sturm in Admirals zone.
19:41 of 2nd period - Penalty to Antti Suomela is over, Antti Suomela is back on ice.
19:41 of 2nd period - Reilly Walsh is hit by Peter Cehlarik and loses puck.
19:56 of 2nd period - Slapshot by Ian Mitchell.
19:56 of 2nd period - Stopped by Vitek Vanecek with a rebound.
19:58 of 2nd period - Wrist shot by Nolan Vesey.
19:58 of 2nd period - Shot Misses the Net.
Goals for this period are 3 for Wranglers vs 1 for Admirals.
Shots for this period are 15 for Wranglers vs 13 for Admirals.

3rd period


0:01 of 3rd period - Lucas Wallmark wins face-off versus Nico Sturm in neutral zone.
0:32 of 3rd period - Wrist shot by Chandler Stephenson.
0:32 of 3rd period - Shot Blocked by Antti Suomela.
0:58 of 3rd period - Slapshot by Erik Brannstrom.
0:58 of 3rd period - Deflect By Ian Mitchell.
0:58 of 3rd period - Stopped by Tristan Jarry with a rebound.
1:00 of 3rd period - Slapshot by Erik Brannstrom.
1:00 of 3rd period - Shot Misses the Net.
1:10 of 3rd period - Wrist shot by Peter Cehlarik.
1:10 of 3rd period - Shot Misses the Net.
1:12 of 3rd period - Slapshot by Christian Jaros.
1:12 of 3rd period - Deflect By Vladislav Kamenev.
1:12 of 3rd period - Stopped by Tristan Jarry with a rebound.
1:14 of 3rd period - Backhand shot by Peter Cehlarik.
1:14 of 3rd period - Shot Misses the Net.
1:16 of 3rd period - Wrist shot by Petteri Lindbohm.
1:16 of 3rd period - Deflect By Vladislav Kamenev.
1:16 of 3rd period - Stopped by Tristan Jarry without a rebound.
1:17 of 3rd period - Lucas Wallmark wins face-off versus Chandler Stephenson in Admirals zone.
1:29 of 3rd period - Petteri Lindbohm is hit by Hunter Shinkaruk and loses puck.
1:52 of 3rd period - Snap shot by Kasper Bjorkqvist.
1:52 of 3rd period - Stopped by Vitek Vanecek with a rebound.
1:54 of 3rd period - Slapshot by Sean Durzi.
1:54 of 3rd period - Deflect By Kasper Bjorkqvist.
1:54 of 3rd period - Stopped by Vitek Vanecek with a rebound.
2:02 of 3rd period - Christian Djoos is hit by Christian Jaros and loses puck.
2:25 of 3rd period - Wrist shot by Nolan Vesey.
2:25 of 3rd period - Deflect By Josh Norris.
2:25 of 3rd period - Shot Blocked by Taylor Raddysh.
2:25 of 3rd period - Puck is out of play.
2:26 of 3rd period - Lucas Wallmark wins face-off versus Nico Sturm in Wranglers zone.
2:33 of 3rd period - Olli Juolevi is hit by Nico Sturm and loses puck.
2:40 of 3rd period - Snap shot by Barclay Goodrow.
2:40 of 3rd period - Stopped by Tristan Jarry with a rebound.
2:42 of 3rd period - Wrist shot by Peter Cehlarik.
2:42 of 3rd period - Shot Blocked by Tobias Bjornfot.
2:52 of 3rd period - Snap shot by Phillip Danault.
2:52 of 3rd period - Shot Blocked by Tobias Bjornfot.
2:54 of 3rd period - Wrist shot by Phillip Danault.
2:54 of 3rd period - Shot Hit the Post.
2:56 of 3rd period - Backhand shot by Erik Brannstrom.
2:56 of 3rd period - Deflect By Mathieu Joseph.
2:56 of 3rd period - Stopped by Tristan Jarry with a rebound.
2:58 of 3rd period - Slapshot by Phillip Danault.
2:58 of 3rd period - Goal by Phillip Danault - Wranglers : 4 - Admirals : 2.
2:59 of 3rd period - Antti Suomela wins face-off versus Nico Sturm in neutral zone.
3:49 of 3rd period - Wrist shot by Taylor Raddysh.
3:49 of 3rd period - Shot Blocked by Olli Juolevi.
3:51 of 3rd period - Snap shot by Chandler Stephenson.
3:51 of 3rd period - Stopped by Tristan Jarry with a rebound.
3:53 of 3rd period - Snap shot by Dominik Masin.
3:53 of 3rd period - Stopped by Tristan Jarry without a rebound.
3:54 of 3rd period - Lucas Wallmark wins face-off versus Nico Sturm in Admirals zone.
3:54 of 3rd period - Lucas Wallmark is hit by Barclay Goodrow.
4:57 of 3rd period - Minor Penalty to Sean Durzi for Hooking.
4:58 of 3rd period - Lucas Wallmark wins face-off versus Nico Sturm in Admirals zone.
5:09 of 3rd period - Wrist shot by Lucas Wallmark.
5:09 of 3rd period - Stopped by Vitek Vanecek with a rebound.
6:47 of 3rd period - Josh Norris is hit by Frank Corrado and loses puck.
6:57 of 3rd period - Penalty to Sean Durzi is over, Sean Durzi is back on ice.
8:21 of 3rd period - Jesper Bratt is hit by Milos Kelemen and loses puck.
8:42 of 3rd period - Phillip Danault is hit by Josh Norris and loses puck.
9:30 of 3rd period - Ian Mitchell is hit by Barclay Goodrow.
9:50 of 3rd period - Wrist shot by Kasper Bjorkqvist.
9:50 of 3rd period - Shot Misses the Net.
11:11 of 3rd period - Peter Cehlarik is hit by Nolan Vesey and loses puck.
11:28 of 3rd period - Ryan Donato is hit by Riley Barber and loses puck.
11:35 of 3rd period - Riley Barber is hit by Kaapo Kakko and loses puck.
11:51 of 3rd period - Chandler Stephenson is hit by Antti Suomela and loses puck.
12:36 of 3rd period - Trevor Carrick is hit by Riley Barber.
12:45 of 3rd period - Sean Durzi is hit by Petteri Lindbohm.
13:07 of 3rd period - Hunter Shinkaruk is hit by Petteri Lindbohm and loses puck.
13:42 of 3rd period - Slapshot by Erik Brannstrom.
13:42 of 3rd period - Shot Misses the Net.
13:54 of 3rd period - Vitali Kravtsov is hit by Riley Barber.
14:02 of 3rd period - Wrist shot by Riley Barber.
14:02 of 3rd period - Goal by Riley Barber - Wranglers : 4 - Admirals : 3.
14:03 of 3rd period - Nico Sturm wins face-off versus Lucas Wallmark in neutral zone.
14:14 of 3rd period - Frank Corrado is hit by Lucas Wallmark and loses puck.
14:29 of 3rd period - Antti Suomela is hit by Chandler Stephenson and loses puck.
14:50 of 3rd period - Slapshot by Frank Corrado.
14:50 of 3rd period - Stopped by Tristan Jarry with a rebound.
14:52 of 3rd period - Wrist shot by Kaapo Kakko.
14:52 of 3rd period - Stopped by Tristan Jarry with a rebound.
14:54 of 3rd period - Snap shot by Kaapo Kakko.
14:54 of 3rd period - Stopped by Tristan Jarry with a rebound.
14:56 of 3rd period - Snap shot by Phillip Danault.
14:56 of 3rd period - Stopped by Tristan Jarry with a rebound.
16:53 of 3rd period - Snap shot by Hunter Shinkaruk.
16:53 of 3rd period - Stopped by Vitek Vanecek with a rebound.
17:07 of 3rd period - Snap shot by Antti Suomela.
17:07 of 3rd period - Stopped by Vitek Vanecek with a rebound.
18:20 of 3rd period - Icing by Phillip Danault.
18:21 of 3rd period - Ryan Donato wins face-off versus Ryan Olsen in Wranglers zone.
18:28 of 3rd period - Tobias Bjornfot is hit by Ryan Donato.
18:32 of 3rd period - Riley Barber is hit by Kaapo Kakko and loses puck.
18:49 of 3rd period - Barclay Goodrow is hit by Josh Norris and loses puck.
18:54 of 3rd period - Admirals, Tristan Jarry is pulled from the net.
19:18 of 3rd period - Snap shot by Hunter Shinkaruk.
19:18 of 3rd period - Shot Misses the Net.
19:24 of 3rd period - Wrist shot by Mathieu Joseph.
19:24 of 3rd period - Shot Misses the Net.
19:38 of 3rd period - Slapshot by Frank Corrado.
19:38 of 3rd period - Goal by Frank Corrado - Wranglers : 5 - Admirals : 3.
19:38 of 3rd period - Tristan Jarry from Admirals was sent back in the game.
19:39 of 3rd period - Josh Norris wins face-off versus Vladislav Kamenev in neutral zone.
Goals for this period are 2 for Wranglers vs 1 for Admirals.
Shots for this period are 13 for Wranglers vs 6 for Admirals.